AoeStats
← RFR_im_no_pro

Arabia

510272234Analyzed
2v2 RM · 16h ago on Sep 30, 2026· 26m 51s· 4 players
Game mode
Random Map
Map size
Medium (4 player)
Population
200
Speed
Normal
Resources
Standard
Victory
Conquest
Starting age
Dark Age
Ending age
Imperial Age
RankedLock teamsTeams togetherTeam positionsShared explorationLock speedFull tech treeHidden civsTurbo modeCheats
Victory
Defeat
🇳🇴 Britons · Norway
1502
+16
🇸🇪 Wei · Sweden
1424
+19
🇨🇳 Bulgarians · China
1561
-21
🇨🇳 Maya · China
1422
-14
RFR_im_no_pro
7:08 Loom
9:54 Feudal Age
20:50 Wheelbarrow
20:42 Scale Barding Armor
22:15 Forging
[GRR] Lemmit
6:51 Loom
9:26 Feudal Age
11:03 Horse Collar
11:12 Double-Bit Axe
12:30 Fletching
13:11 Town Watch
20:47 Wheelbarrow
24:34 Castle Age
22:56 Padded Archer Armor
23:20 Gold Mining
25:20 Bodkin Arrow
25:37 Bow Saw
25:06 Crossbowman
26:51 Ballistics
27:30 Heavy Plow
开心不易
0:36 Loom
9:27 Feudal Age
11:08 Man-at-Arms
13:33 Double-Bit Axe
15:22 Horse Collar
24:35 Castle Age
24:11 Padded Archer Armor
24:01 Fletching
24:40 Crossbowman
25:30 Thumb Ring
25:43 Thumb Ring
27:05 Bodkin Arrow
27:26 Leather Archer Armor
快乐不易
8:55 Feudal Age
10:41 Double-Bit Axe
11:04 Loom
11:27 Horse Collar
18:16 Scale Barding Armor
19:17 Forging
19:37 Bloodlines
25:29 Castle Age
24:00 Gold Mining
26:43 Bow Saw
27:10 Chain Barding Armor
26:53 Husbandry
26:13 Light Cavalry
Connection lost

Rejoining the realm…

Still unreachable

The connection could not be restored.

Session expired

The server has moved on; the page needs a fresh start.